 Dungeon Crawl Stone Soup version 0.24.0-13-gcf9b3192b9 (webtiles) character file.

Game seed: 12292849844754171846, levelgen mode: deterministic

89611 inmateoo the Nimble (level 15, -5/128 HPs)
             Began as a Gnoll Arcane Marksman on Nov 8, 2019.
             Was the Champion of Okawaru.
             Slain by a shambling mangrove (6 damage)
             ... on level 1 of the Swamp.
             The game lasted 01:34:07 (27844 turns).

inmateoo the Nimble (Gnoll Arcane Marksman)        Turns: 27844, Time: 01:34:09

Health: -5/128     AC: 22    Str: 14    XL:     15   Next: 97%
Magic:  29/29      EV:  2    Int: 19    God:    Okawaru [******]
Gold:   853        SH:  0    Dex: 18    Spells: 9/35 levels left

rFire    + + +     SeeInvis .   i - +10 executioner's axe "Killer Klown's Foe" {speed, rElec rPois Int+3 Dex+3}
rCold    + + +     Gourm    .   (shield currently unavailable)
rNeg     + . .     Faith    .   r - +0 gold dragon scales
rPois    +         Spirit   .   Y - -2 hat of the Alchemist {rElec rPois rF+ rC+ rN+ MR+ rMut rCorr}
rElec    +         Reflect  .   K - scarf {rC+ rF+}
rCorr    +         Harm     .   F - +2 pair of gloves {archery}
rMut     +                      X - +2 pair of boots {run}
MR       +++++                  (no amulet)
Stlth    ..........             D - +4 ring of slaying
HPRegen  0.31/turn              e - ring "Amehem" {rElec rF+ MR+++ Dex-5 Stlth+}
MPRegen  0.21/turn

@: grasped by roots, constricted, studying Armour, quick
A: distributed training, fangs 1, robust 1, strong nose
a: Heroism, Finesse, Renounce Religion


You were on level 1 of the Swamp.
You worshipped Okawaru.
Okawaru was exalted by your worship.
You were completely stuffed.

You visited 5 branches of the dungeon, and saw 25 of its levels.
You also visited: Bailey, Gauntlet and Ice Cave.

You collected 2916 gold pieces.
You spent 2063 gold pieces at shops.

Inventory:

Hand Weapons
 a - a +1 hand crossbow of flaming
 i - the +10 executioner's axe "Killer Klown's Foe" (weapon) {speed, rElec rPois Int+3 Dex+3}
   (You found it on level 2 of the Lair of Beasts)

   Attacks with this weapon are significantly faster.
   It affects your intelligence (+3).
   It affects your dexterity (+3).
   It insulates you from electricity.
   It protects you from poison.
 t - the +8 falchion of Uxa Qoeth {speed, MR+}
   (You found it on level 7 of the Dungeon)

   Attacks with this weapon are significantly faster.
   It affects your resistance to hostile enchantments.
Missiles
 d - 122 bolts
 h - 16 boomerangs (quivered)
 y - 48 javelins
Armour
 r - +0 gold dragon scales (worn)
 z - a +1 troll leather armour {Snorg}
 F - a +2 pair of gloves of archery (worn)
 K - a scarf of resistance (worn)
 P - a scarf of cloud immunity
 U - a +1 buckler of poison resistance
 X - a +2 pair of boots of running (worn)
 Y - the -2 hat of the Alchemist (worn) {rElec rPois rF+ rC+ rN+ MR+ rMut rCorr}
   (You bought it in a shop on level 2 of the Orcish Mines)

   It protects you from fire.
   It protects you from cold.
   It insulates you from electricity.
   It protects you from poison.
   It protects you from negative energy.
   It affects your resistance to hostile enchantments.
   It provides partial protection from all sources of acid and corrosion.
   It protects you from mutation.
Jewellery
 e - the ring "Amehem" (right hand) {rElec rF+ MR+++ Dex-5 Stlth+}
   (You found it on level 14 of the Dungeon)

   [ring of stealth]

   It affects your dexterity (-5).
   It protects you from fire.
   It insulates you from electricity.
   It affects your resistance to hostile enchantments.
   It makes you more stealthy.
 g - a +4 ring of evasion
 D - a +4 ring of slaying (left hand)
 L - an uncursed ring of see invisible
Wands
 u - a wand of digging (1)
 x - a wand of disintegration (6)
 A - a wand of acid (11)
 I - a wand of polymorph (23)
 S - a wand of iceblast (15)
Scrolls
 c - 2 scrolls of enchant armour
 k - 7 scrolls of fog
 m - 6 scrolls of enchant weapon
 o - 10 scrolls of teleportation
 p - 3 scrolls of blinking
 q - 7 scrolls of remove curse
 w - 4 scrolls of amnesia
 J - 2 scrolls of immolation
 M - 6 scrolls of identify
 Q - a scroll of brand weapon
 R - a scroll of fear
Potions
 b - 3 potions of mutation
 j - a potion of invisibility
 l - 5 potions of flight
 n - 3 potions of haste
 v - 4 potions of brilliance
 B - 8 potions of curing
 C - 2 potions of agility
 O - a potion of heal wounds
 T - 3 potions of resistance
 V - a potion of magic
 W - 2 potions of might
Books
 Z - a manual of Armour
Miscellaneous
 s - a lightning rod (4/4)
 E - a fan of gales
 G - a box of beasts
 H - a phial of floods
 N - 2 sacks of spiders
Comestibles
 f - 36 rations


   Skills:
 + Level 10.5 Fighting
 + Level 10.2 Short Blades
 + Level 10.2 Long Blades
 + Level 10.2 Axes
 + Level 10.2 Maces & Flails
 + Level 10.2 Polearms
 + Level 10.2 Staves
 + Level 10.2 Slings
 + Level 10.2 Bows
 + Level 11.1 Crossbows
 + Level 10.2 Throwing
 + Level 10.4 Armour
 + Level 11.1 Dodging
 + Level 10.2 Stealth
 + Level 10.2 Shields
 + Level 10.2 Unarmed Combat
 + Level 10.6 Spellcasting
 + Level 8.6 Conjurations
 + Level 10.2 Hexes
 + Level 8.6 Charms
 + Level 8.6 Summonings
 + Level 8.6 Necromancy
 + Level 8.6 Translocations
 + Level 8.6 Transmutations
 + Level 8.6 Fire Magic
 + Level 8.6 Ice Magic
 + Level 8.6 Air Magic
 + Level 8.6 Earth Magic
 + Level 8.6 Poison Magic
 + Level 11.1 Invocations
 + Level 10.2 Evocations


You had 9 spell levels left.
You knew the following spells:

 Your Spells              Type           Power        Failure   Level  Hunger
a - Statue Form           Tmut/Erth      #####....    100%        6    ######.
b - Regeneration          Chrm/Necr      #####.....   96%         3    None
c - Summon Mana Viper     Hex/Summ       #####...     100%        5    ####...
d - Portal Projectile     Hex/Tloc       #####.       91%         3    None
e - Summon Lightning Spi  Summ/Air       #####...     100%        4    ##.....
g - Summon Forest         Summ/Tloc      #####.....   100%        5    ####...

Your spell library contained the following spells:

 Spells                   Type           Power        Failure   Level  Hunger
 Corona                   Hex            #####..      45%         1    None
 Slow                     Hex            #####...     61%         2    None
 Apportation              Tloc           #####.       67%         1    None
 Freeze                   Ice            ####         67%         1    None
 Infusion                 Chrm           ####         67%         1    None
 Shock                    Conj/Air       ####         67%         1    None
 Summon Butterflies       Summ           #####...     67%         1    None
 Summon Small Mammal      Summ           ####         67%         1    None
 Call Imp                 Summ           #####...     82%         2    None
 Shroud of Golubria       Chrm/Tloc      #####.       82%         2    None
 Song of Slaying          Chrm           #####...     82%         2    None
 Swiftness                Chrm/Air       #####...     82%         2    None
 Throw Frost              Conj/Ice       #####.       82%         2    None
 Inner Flame              Hex/Fire       #####...     91%         3    None
 Spectral Weapon          Hex/Chrm       #####...     91%         3    None
 Summon Guardian Golem    Hex/Summ       #####...     91%         3    None
 Call Canine Familiar     Summ           #####...     96%         3    None
 Ozocubu's Armour         Chrm/Ice       #####...     96%         3    None
 Static Discharge         Conj/Air       #####...     96%         3    None
 Cause Fear               Hex            #####.....   99%         4    ##.....
 Airstrike                Air            #####.....   100%        4    ##.....
 Leda's Liquefaction      Hex/Erth       #####.....   100%        4    ##.....
 Summon Ice Beast         Ice/Summ       #####...     100%        4    ##.....
 Throw Icicle             Conj/Ice       #####...     100%        4    ##.....
 Bolt of Magma            Conj/Fire/Erth #####.....   100%        5    ####...
 Iskenderun's Battlesphe  Conj/Chrm      #####...     100%        5    ####...
 Lightning Bolt           Conj/Air       #####.....   100%        5    ####...
 Iron Shot                Conj/Erth      #####.....   100%        6    ######.
 Simulacrum               Ice/Necr       #####.....   100%        6    ######.
 Summon Hydra             Summ           #####.....   100%        7    #######
 Shatter                  Erth           #####.....   100%        9    #######


Dungeon Overview and Level Annotations

Branches:
Dungeon (15/15)            Temple (1/1) D:5            Lair (6/6) D:10
  Swamp (1/4) Lair:3       Spider (0/4) Lair:2        Slime (0/5) Lair:6
    Orc (2/2) D:9             Elf (0/3) Orc:2        Vaults (0/5) D:13
 Depths (0/5) D:15         Bailey (visited)           IceCv (visited)
Gauntlet (visited)

Altars:
Ashenzari
Cheibriados
Dithmenos
Elyvilon
Fedhas
Gozag
Hepliaklqana
Kikubaaqudgha
Makhleb
Nemelex Xobeh
Okawaru
Qazlal
Ru
Sif Muna
Trog
Uskayaw
Vehumet
Wu Jian
Xom
Yredelemnul
Zin
The Shining One

Shops:
Orc:2 (:([


Innate Abilities, Weirdness & Mutations

Your experience applies equally to all skills.
You have very sharp teeth.
Your uncanny sense of smell can sniff out nearby items.
You are robust. (+10% HP)


Message History

You hit the shambling mangrove.
You bite the shambling mangrove, but do no damage.
The shambling mangrove is moderately damaged.
You slash the shambling mangrove!
The shambling mangrove is moderately damaged.
The shambling mangrove hits you!
* * * LOW HITPOINT WARNING * * *
The grasping roots constrict you.
You hit the shambling mangrove.
The shambling mangrove is heavily damaged.
The shambling mangrove hits you but does no damage.
* * * LOW HITPOINT WARNING * * *
The grasping roots constrict you!
You slash the shambling mangrove!
You bite the shambling mangrove, but do no damage.
The shambling mangrove is heavily damaged.
Angry insects surge out from beneath the shambling mangrove's foliage!
The shambling mangrove hits you!!
* * * LOW HITPOINT WARNING * * *
You die...

♣≈.≈..♣♣ ♣.≈ ..§≈..♣ ♣.≈
♣.♣...♣ ♣.♣ ..♣...♣♣ ♣.♣
≈.♣).≈≈♣ ♣♣.♣♣ ≈.♣..≈♣♣
♣...♣ ..♣.≈≈♣ ♣.§≈♣♣
..♣..≈♣ ♣♣≈...♣♣
.§..≈.♣♣ ♣..y@†$♣♣♣
≈♣.≈≈..♣♣ ♣♣≈≈≈≈f.).♣
≈≈...♣..♣ ♣..≈≈≈≈≈≈....
≈≈≈.≈≈..♣♣♣♣...≈..y≈≈≈≈♣
≈...♣♣....♣...≈♣.≈.....≈
≈♣.♣♣♣♣.....≈≈≈.≈≈≈♣♣.♣≈
♣♣.♣ ♣.)♣♣.♣/♣♣♣.♣.♣ ♣≈♣
♣♣♣♣.♣.♣♣.♣♣♣ ♣...♣ .♣
♣♣.♣♣...♣ ♣.♣♣♣


You could see a shambling mangrove and 2 hornets.

Vanquished Creatures
  An orc warlord (Orc:1)
  A reaper (IceCv)
  A stone giant (D:14)
  A minotaur (Gauntlet)
  A green death (Gauntlet)
  Snorg (D:11)
  An ogre mage (D:15)
  2 alligators (Swamp:1)
  2 centaur warriors (D:14)
  6 two-headed ogres
  A hydra (Swamp:1)
  A queen ant (Lair:3)
  An orc high priest (Orc:2)
  3 death yaks (Lair:6)
  2 unseen horrors
  A deep troll (D:13)
  A lindwurm (shapeshifter) (D:14)
  2 wizards
  A harpy (shapeshifter) (D:15)
  2 skeletal warriors (D:12)
  A wolf spider (Lair:6)
  2 orc knights
  2 deep elf magi (D:14)
  6 orc sorcerers
  4 oklob plants (Lair:5)
  A manticore (shapeshifter) (Orc:2)
  2 cyclopes
  An ice statue (IceCv)
  3 black mambas
  A centaur zombie (D:15)
  A guardian serpent (Lair:6)
  2 elephants
  A torpor snail (Lair:4)
  A gargoyle (D:11)
  8 spiny frogs
  3 centaur skeletons
  An efreet (D:14)
  3 rime drakes
  A freezing wraith (D:12)
  3 kobold demonologists
  A komodo dragon (D:10)
  11 ice devils (IceCv)
  5 meliai
  2 tyrant leeches (Swamp:1)
  5 trolls
  A hornet (Lair:6)
  2 polar bears
  12 blink frogs
  A dream sheep (shapeshifter) (D:13)
  2 bog bodies (Lair:3)
  2 slime creatures
  3 dream sheep (Lair:6)
  7 hippogriffs
  A meliai zombie (D:13)
  2 redbacks (Lair:6)
  A vampire (D:9)
  14 wyverns
  3 vampire mosquitoes (Swamp:1)
  29 yaks
  2 basilisks (Lair:6)
  A human (D:10)
  A wraith (D:14)
  2 hogs (D:10)
  3 soldier ants (Lair:3)
  4 swamp worms
  4 wargs (D:14)
  An acid dragon (D:14)
  A soldier ant (shapeshifter) (Lair:6)
  7 porcupines
  8 water moccasins
  25 orc warriors
  3 swamp drakes (Swamp:1)
  3 ice beasts
  A necrophage (D:8)
  3 sky beasts
  2 eyes of draining
  6 ogres
  2 black bears (D:8)
  11 centaurs
  A boggart (shapeshifter) (Gauntlet)
  7 wolves
  A phantom (D:14)
  13 crocodiles
  2 big kobolds
  18 bullfrogs
  A wyvern skeleton (D:9)
  A water moccasin skeleton (D:9)
  3 scorpions
  5 killer bees
  4 wights (D:15)
  3 electric eels
  A howler monkey (D:5)
  4 crimson imps
  4 jellies
  14 orc priests
  5 hounds
  25 orc wizards
  Ijyb (D:4)
  2 iguanas (D:10)
  14 worker ants
  A howler monkey zombie (D:5)
  2 worker ant zombies
  11 adders
  3 gnolls (D:2)
  5 shadow imps
  16 white imps
  5 ufetubi (IceCv)
  An ooze (D:4)
  An adder skeleton (D:3)
  An adder zombie (D:6)
  2 worms
  3 dart slugs
  2 leopard geckos
  78 orcs
  A ball python (D:5)
  8 bats
  4 giant cockroaches
  12 goblins
  12 hobgoblins
  14 jackals
  3 quokkas
  5 frilled lizards
  A giant cockroach zombie (D:5)
  A jackal zombie (D:5)
  12 kobolds
  A quokka skeleton (D:5)
  A quokka zombie (D:5)
  5 rats
  3 plants
616 creatures vanquished.

Vanquished Creatures (collateral kills)
  Erolcha (D:11)
  A catoblepas (Lair:6)
  4 hydras
  A centaur warrior (D:14)
  3 death yaks (Lair:6)
  An alligator (Swamp:1)
  2 tengu warriors
  An orc high priest (Orc:1)
  A skeletal warrior (D:12)
  A swamp dragon (Swamp:1)
  A wizard (D:13)
  A deep elf mage (D:15)
  An orc knight (D:14)
  A manticore (D:15)
  8 elephants
  A naga mage (D:15)
  4 black mambas
  An ice statue (IceCv)
  7 spiny frogs
  A rime drake (Lair:4)
  2 komodo dragons
  An ice devil (IceCv)
  An efreet (D:15)
  4 trolls
  3 jumping spiders (Lair:2)
  A hornet (Lair:6)
  A meliai (D:14)
  15 blink frogs
  A bog body (Lair:3)
  2 hippogriffs
  A dream sheep (Lair:6)
  A wyvern (Lair:6)
  A vampire (D:15)
  21 yaks
  2 redbacks (Lair:6)
  2 vampire mosquitoes
  A hungry ghost (D:12)
  4 soldier ants (Lair:3)
  8 water moccasins
  2 porcupines (Lair:3)
  12 orc warriors
  6 wolves
  A centaur (Bailey)
  An ogre (D:14)
  3 crocodiles
  A big kobold (D:14)
  A jelly (Lair:6)
  9 orc priests
  10 orc wizards
  21 worker ants (Lair:3)
  5 white imps (D:14)
  31 orcs
  6 kobolds (D:14)
  10 fungi
  14 plants
247 creatures vanquished.

Vanquished Creatures (others)
  A vampire mosquito (D:14)
  3 white imps (IceCv)
  An ufetubus (IceCv)
  A quokka (D:4)
  11 fungi
  13 plants
  2 snaplasher vines
32 creatures vanquished.

Grand Total: 895 creatures vanquished

Notes
Turn   | Place    | Note
-------+----------+-------------------------------------------
     0 | D:1      | inmateoo the Gnoll Arcane Marksman began the quest for the
                  | Orb.
     0 | D:1      | Reached XP level 1. HP: 17/17 MP: 4/4
   144 | D:1      | Reached XP level 2. HP: 12/23 MP: 5/5
   873 | D:1      | Reached XP level 3. HP: 23/28 MP: 7/7
  1192 | D:2      | Reached skill level 1 in Invocations
  1332 | D:2      | Reached skill level 1 in Short Blades
  1332 | D:2      | Reached skill level 1 in Long Blades
  1332 | D:2      | Reached skill level 1 in Axes
  1332 | D:2      | Reached skill level 1 in Maces & Flails
  1332 | D:2      | Reached skill level 1 in Polearms
  1332 | D:2      | Reached skill level 1 in Staves
  1332 | D:2      | Reached skill level 1 in Slings
  1332 | D:2      | Reached skill level 1 in Bows
  1332 | D:2      | Reached skill level 1 in Throwing
  1332 | D:2      | Reached skill level 1 in Armour
  1332 | D:2      | Reached skill level 1 in Stealth
  1332 | D:2      | Reached skill level 1 in Shields
  1332 | D:2      | Reached skill level 1 in Unarmed Combat
  1332 | D:2      | Reached skill level 1 in Evocations
  1332 | D:2      | Reached XP level 4. HP: 27/34 MP: 8/8
  1846 | D:2      | Reached skill level 1 in Conjurations
  1846 | D:2      | Reached skill level 1 in Charms
  1846 | D:2      | Reached skill level 1 in Summonings
  1846 | D:2      | Reached skill level 1 in Necromancy
  1846 | D:2      | Reached skill level 1 in Translocations
  1846 | D:2      | Reached skill level 1 in Transmutations
  1846 | D:2      | Reached skill level 1 in Fire Magic
  1846 | D:2      | Reached skill level 1 in Ice Magic
  1846 | D:2      | Reached skill level 1 in Air Magic
  1846 | D:2      | Reached skill level 1 in Earth Magic
  1846 | D:2      | Reached skill level 1 in Poison Magic
  1849 | D:2      | Reached XP level 5. HP: 21/40 MP: 9/9
  2021 | D:2      | Learned a level 2 spell: Slow
  2025 | D:2      | Learned a level 3 spell: Inner Flame
  2029 | D:2      | Learned a level 3 spell: Portal Projectile
  3048 | D:3      | Found a shattered altar of Ashenzari.
  3467 | D:4      | Reached XP level 6. HP: 47/47 MP: 3/10
  3472 | D:4      | Found a white marble altar of Elyvilon.
  3607 | D:4      | Found a shimmering altar of Xom.
  3666 | D:4      | Found a shadowy altar of Dithmenos.
  3691 | D:4      | Noticed Ijyb
  3705 | D:4      | Killed Ijyb
  3832 | D:4      | Found a glowing golden altar of the Shining One.
  3923 | D:5      | Entered Level 5 of the Dungeon
  3987 | D:5      | Reached skill level 5 in Crossbows
  3987 | D:5      | Reached skill level 5 in Dodging
  4053 | D:5      | Noticed an orc warrior
  4071 | D:5      | Killed an orc warrior
  4071 | D:5      | Reached XP level 7. HP: 24/52 MP: 4/12
  4387 | D:5      | Learned a level 4 spell: Summon Lightning Spire
  4590 | D:5      | Found a staircase to the Ecumenical Temple.
  4603 | Temple   | Entered the Ecumenical Temple
  5260 | D:6      | Found a sacrificial altar of Ru.
  5474 | D:6      | Reached XP level 8. HP: 50/60 MP: 2/14
  5658 | D:6      | Found an ancient bone altar of Kikubaaqudgha.
  5658 | D:6      | Found a sparkling altar of Nemelex Xobeh.
  5844 | D:6      | Noticed an angel
  5845 | D:6      | Found a glowing silver altar of Zin.
  5881 | D:7      | Found an iron altar of Okawaru.
  5890 | D:7      | Became a worshipper of Warmaster Okawaru
  6106 | D:7      | Got a polished falchion
  6107 | D:7      | Identified the +8 falchion of Uxa Qoeth {speed, MR+} (You
                  | found it on level 7 of the Dungeon)
  6181 | D:7      | Found an opulent altar of Gozag.
  6480 | D:7      | Found an iron altar of Okawaru.
  6619 | D:8      | Reached * piety under Okawaru
  6843 | D:8      | Noticed a wyvern
  6849 | D:8      | Killed a wyvern
  6849 | D:8      | Reached XP level 9. HP: 61/66 MP: 13/16
  6900 | D:8      | Found an ornate altar of the Wu Jian Council.
  7037 | D:8      | Found a bloodstained altar of Trog.
  7242 | D:8      | Got a heavily jewelled robe
  7253 | D:8      | Identified the +1 robe "Dosuih" {-Cast Str+4 Dex+5} (You
                  | found it on level 8 of the Dungeon)
  7423 | D:8      | Found a hazy altar of Hepliaklqana.
  7458 | D:8      | Reached skill level 5 in Spellcasting
  7479 | D:8      | Reached ** piety under Okawaru
  8050 | D:8      | Reached skill level 5 in Fighting
  8207 | D:9      | Noticed a two-headed ogre
  8245 | D:9      | Killed a two-headed ogre
  8245 | D:9      | Reached *** piety under Okawaru
  8245 | D:9      | Reached skill level 5 in Invocations
  8245 | D:9      | Reached XP level 10. HP: 53/74 MP: 11/18
  9186 | D:8      | Reached skill level 5 in Short Blades
  9186 | D:8      | Reached skill level 5 in Long Blades
  9186 | D:8      | Reached skill level 5 in Axes
  9186 | D:8      | Reached skill level 5 in Maces & Flails
  9186 | D:8      | Reached skill level 5 in Polearms
  9186 | D:8      | Reached skill level 5 in Staves
  9186 | D:8      | Reached skill level 5 in Slings
  9186 | D:8      | Reached skill level 5 in Bows
  9186 | D:8      | Reached skill level 5 in Throwing
  9186 | D:8      | Reached skill level 5 in Armour
  9186 | D:8      | Reached skill level 5 in Stealth
  9186 | D:8      | Reached skill level 5 in Shields
  9186 | D:8      | Reached skill level 5 in Unarmed Combat
  9186 | D:8      | Reached skill level 5 in Evocations
  9360 | D:9      | Received a gift from Okawaru
  9592 | D:9      | Found a staircase to the Orcish Mines.
 10649 | D:10     | Entered Level 10 of the Dungeon
 10714 | D:10     | Found a shimmering altar of Xom.
 11107 | D:10     | Found a staircase to the Lair.
 11117 | D:10     | Reached **** piety under Okawaru
 11586 | D:11     | Received a gift from Okawaru
 11743 | D:11     | Noticed Snorg
 11748 | D:11     | Reached XP level 11. HP: 73/82 MP: 9/20
 11773 | D:11     | Killed Snorg
 11773 | D:11     | Reached ***** piety under Okawaru
 11888 | D:11     | Found a gate leading to a gauntlet.
 11901 | D:11     | Reached skill level 5 in Conjurations
 11901 | D:11     | Reached skill level 5 in Charms
 11901 | D:11     | Reached skill level 5 in Summonings
 11901 | D:11     | Reached skill level 5 in Necromancy
 11901 | D:11     | Reached skill level 5 in Translocations
 11901 | D:11     | Reached skill level 5 in Transmutations
 11901 | D:11     | Reached skill level 5 in Fire Magic
 11901 | D:11     | Reached skill level 5 in Ice Magic
 11901 | D:11     | Reached skill level 5 in Air Magic
 11901 | D:11     | Reached skill level 5 in Earth Magic
 11901 | D:11     | Reached skill level 5 in Poison Magic
 11908 | D:11     | Noticed a two-headed ogre
 11910 | Gauntlet | Entered a Gauntlet
 11910 | Gauntlet | Found a transporter.
 11910 | Gauntlet | Found a transporter.
 11910 | Gauntlet | Found a transporter.
 11911 | Gauntlet | Found a transporter.
 11915 | Gauntlet | Found a transporter.
 11916 | Gauntlet | Found a transporter.
 11920 | Gauntlet | Noticed a moth of wrath
 11922 | Gauntlet | Found a transporter.
 11924 | Gauntlet | Found a transporter.
 11926 | Gauntlet | Found a transporter.
 11926 | Gauntlet | Found a transporter.
 11928 | Gauntlet | Noticed a green death
 11934 | Gauntlet | Found a transporter.
 11935 | Gauntlet | Found a transporter.
 12017 | Gauntlet | Found a runed translucent door.
 12294 | Gauntlet | Reached XP level 12. HP: 91/91 MP: 21/23
 12317 | Gauntlet | Killed a green death
 12322 | Gauntlet | Got a heavily runed granite ring
 12371 | Gauntlet | Identified the cursed ring "Jahiclaf" {rElec AC-5} (You
                  | found it in a Gauntlet)
 12450 | Gauntlet | Identified the cursed -6 shield of Ytoxzy {rPois Str+4
                  | Int+3}
 12450 | Gauntlet | Noticed a minotaur
 12457 | Gauntlet | Killed a minotaur
 12457 | Gauntlet | Received a gift from Okawaru
 12494 | Gauntlet | Got a scorched ring mail
 12496 | Gauntlet | Identified the Handbook of Talismans
 12571 | D:11     | Killed a two-headed ogre
 12599 | D:11     | Identified the +2 ring mail of Agnosticism {MR++ Dex+2}
                  | (You found it in a Gauntlet)
 12705 | D:11     | Noticed Erolcha
 12717 | D:11     | Killed Erolcha
 14226 | D:13     | Noticed a two-headed ogre
 14264 | D:13     | Killed a two-headed ogre
 14399 | D:13     | Reached XP level 13. HP: 79/98 MP: 25/25
 14447 | D:13     | Received a gift from Okawaru
 14450 | D:13     | Got an ichor-stained robe {god gift}
 14461 | D:13     | Identified the +0 robe "Nenuetz" {*Drain rElec Int+6}
                  | (Okawaru gifted it to you on level 13 of the Dungeon)
 14494 | D:13     | Identified a scroll of acquirement
 14497 | D:13     | Got a fine plate armour
 14508 | D:13     | Identified the +1 plate armour "Luzisele" {*Contam +Inv
                  | Dex+4 SInv} (You acquired it on level 13 of the Dungeon)
 14521 | D:13     | Gained mutation: You are robust. (+10% HP) [mutagenic glow]
 15040 | D:13     | Found a gate to the Vaults.
 15126 | D:14     | Found a glowing golden altar of the Shining One.
 15395 | D:14     | Found a frozen archway.
 15474 | IceCv    | Entered an ice cave
 15628 | IceCv    | Learned a level 5 spell: Summon Mana Viper
 15782 | IceCv    | Got a shimmering hat
 15789 | IceCv    | Identified a +1 pair of boots of running (You found it in
                  | an ice cave)
 15799 | IceCv    | Identified the +2 hat of the Five Blessings {*Slow rC+++
                  | Int+2 Dex+3} (You found it in an ice cave)
 16058 | IceCv    | Noticed a reaper
 16281 | IceCv    | Killed a reaper
 16306 | IceCv    | Got a smoking tin ring
 16308 | IceCv    | Identified the ring of Ciosorghe {rF+ Str-4 Int+3 Stlth+}
                  | (You found it in an ice cave)
 16626 | D:14     | Learned a level 6 spell: Statue Form
 17122 | D:14     | Reached ****** piety under Okawaru
 17337 | D:14     | Received a gift from Okawaru
 17448 | D:14     | Got a distressingly furry shield {god gift}
 17466 | D:14     | Identified the +5 shield "Pisall" {Int+4 Dex+2} (Okawaru
                  | gifted it to you on level 14 of the Dungeon)
 17638 | D:14     | Noticed a stone giant
 17657 | D:14     | Killed a stone giant
 17694 | D:14     | Got a shimmering brass ring
 17699 | D:14     | Identified the Almanac of the Dislocated Frostbite
 17706 | D:14     | Identified the ring "Amehem" {rElec rF+ MR+++ Dex-5 Stlth+}
                  | (You found it on level 14 of the Dungeon)
 18173 | D:15     | Entered Level 15 of the Dungeon
 18362 | D:15     | Reached XP level 14. HP: 113/118 MP: 10/27
 18399 | D:15     | Received a gift from Okawaru
 18430 | D:15     | Found a staircase to the Depths.
 18688 | D:15     | Reached skill level 10 in Crossbows
 18688 | D:15     | Reached skill level 10 in Dodging
 19105 | Lair:1   | Entered Level 1 of the Lair of Beasts
 20007 | Lair:2   | Found a hole to the Spider Nest.
 20173 | Lair:2   | Identified the +10 executioner's axe "Killer Klown's Foe"
                  | {speed, rElec rPois Int+3 Dex+3} (You found it on level 2
                  | of the Lair of Beasts)
 20245 | Lair:2   | You fall into a shaft and drop 2 floors!
 20384 | Lair:4   | Learned a level 5 spell: Summon Forest
 20562 | Lair:4   | Received a gift from Okawaru
 21369 | Lair:5   | Reached skill level 10 in Invocations
 22353 | Lair:6   | Entered Level 6 of the Lair of Beasts
 22356 | Lair:6   | Found a staircase to the Slime Pits.
 22481 | Lair:6   | Reached XP level 15. HP: 105/126 MP: 3/28
 22619 | Lair:6   | Reached skill level 10 in Spellcasting
 22659 | Lair:6   | Received a gift from Okawaru
 22796 | Lair:6   | Reached skill level 10 in Fighting
 22974 | Lair:6   | Noticed Sonja
 22975 | Lair:6   | Noticed Sonja
 22975 | Lair:6   | Sonja changed into Sonja the shapeshifter
 22977 | Lair:6   | Noticed Sonja
 22977 | Lair:6   | Sonja the shapeshifter changed into Sonja the soldier ant
 22983 | Lair:6   | Killed Sonja the soldier ant
 23576 | Lair:6   | Received a gift from Okawaru
 23946 | Lair:3   | Received a gift from Okawaru
 24025 | Lair:3   | Reached skill level 10 in Hexes
 24644 | Lair:3   | Found a staircase to the Swamp.
 25234 | Orc:1    | Entered Level 1 of the Orcish Mines
 25242 | Orc:1    | Noticed an orc warlord
 25256 | Orc:1    | Killed an orc warlord
 25256 | Orc:1    | Reached skill level 10 in Short Blades
 25256 | Orc:1    | Reached skill level 10 in Long Blades
 25256 | Orc:1    | Reached skill level 10 in Axes
 25256 | Orc:1    | Reached skill level 10 in Maces & Flails
 25256 | Orc:1    | Reached skill level 10 in Polearms
 25256 | Orc:1    | Reached skill level 10 in Staves
 25256 | Orc:1    | Reached skill level 10 in Slings
 25256 | Orc:1    | Reached skill level 10 in Bows
 25256 | Orc:1    | Reached skill level 10 in Throwing
 25256 | Orc:1    | Reached skill level 10 in Armour
 25256 | Orc:1    | Reached skill level 10 in Stealth
 25256 | Orc:1    | Reached skill level 10 in Shields
 25256 | Orc:1    | Reached skill level 10 in Unarmed Combat
 25256 | Orc:1    | Reached skill level 10 in Evocations
 25448 | Orc:2    | Entered Level 2 of the Orcish Mines
 25707 | Orc:1    | Found a flagged portal.
 25754 | Bailey   | Entered a bailey
 26554 | Orc:2    | Found Wuisikhlu's Book Emporium.
 26554 | Orc:2    | Found Igoil Fepn's Antique Armour Shoppe.
 26592 | Orc:2    | Found Daudusad's Weapon Emporium.
 26593 | Orc:2    | Found Kegridio's Weapon Shoppe.
 26651 | Orc:2    | Bought the -2 hat of the Alchemist {rElec rPois rF+ rC+ rN+
                  | MR+ rMut rCorr} for 1463 gold pieces
 26651 | Orc:2    | Found the -2 hat of the Alchemist {rElec rPois rF+ rC+ rN+
                  | MR+ rMut rCorr}
 26780 | Orc:2    | Noticed Nessos
 26783 | Orc:2    | Noticed Nessos
 26783 | Orc:2    | Nessos changed into Nessos the glowing shapeshifter
 26784 | Orc:2    | Noticed Nessos
 26784 | Orc:2    | Nessos the glowing shapeshifter changed into Nessos the
                  | anaconda
 26796 | Orc:2    | Noticed Nessos
 26796 | Orc:2    | Nessos the anaconda changed into Nessos the water nymph
 26803 | Orc:2    | Noticed Nessos
 26803 | Orc:2    | Nessos the water nymph changed into Nessos the manticore
 26806 | Orc:2    | Killed Nessos the manticore
 26848 | Orc:2    | Found a staircase to the Elven Halls.
 27136 | Orc:2    | Bought a book of Battle for 600 gold pieces
 27140 | Orc:2    | Learned a level 3 spell: Regeneration
 27353 | Swamp:1  | Entered Level 1 of the Swamp
 27599 | Swamp:1  | Received a gift from Okawaru
 27844 | Swamp:1  | HP: 1/128 [shambling mangrove (26)]
 27844 | Swamp:1  | Slain by a shambling mangrove

Levels and vault maps discovered:
D:1:      evilmike_arrival_plus, layout_loops_ring, st_stairs_14
D:2:      layout_basic, minmay_misc_feat_doors
D:3:      layout_rooms, cheibrodos_ashenzari_chains
D:4:      layout_cave_pools, elyvilon_altar_4,
          grunt_dithmenos_smoke_and_mirrors, nicolae_overflow_crystal_walls,
          marbit_many_paths, first_ration, uniq_ijyb
D:5:      layout_loops_ring, temple_green, kennysheep_generic_room_15
D:6:      layout_basic, zin_angel, gammafunk_temple_overflow_elements,
          nicolae_ru_sacrificial_ziggurat
D:7:      layout_cave_pools, lemuel_crystal_altar, kennysheep_little_box,
          david_defended_altar_orc
D:8:      layout_gridville, trog_ov_bears_minmay, lemuel_round_altar,
          lemuel_crystal_altar
D:9:      layout_gridville, erik_orc_2
D:10:     layout_roguey, david_lair_shrubbed, basic_altar, grunt_livestock,
          minivault_5, kennysheep_generic_room_12
D:11:     layout_big_octagon, gauntlet_entry_generic, serial_co_window_serial,
          co_window_of_opportunity_a, co_window_corner_a, co_window_corner_a,
          co_window_paths_b, co_window_paths_a, co_window_broadway_b,
          co_window_2corner, co_window_2corner, co_window_2corner,
          co_window_cross_3, glass_columns_c, uniq_erolcha, uniq_snorg
D:12:     layout_loops_cross
D:13:     layout_cave_pools, david_vaults_4
D:14:     minmay_the_grid_triangle_9x9_rhombus_thin
          [minmay_the_grid_triangle_9x9_alien,
          minmay_the_grid_triangle_9x9_prize_center,
          minmay_the_grid_triangle_9x9_wacky_v,
          minmay_the_grid_triangle_9x9_zippers_horizontal], layout_layer_cave,
          basic_altar, columned_hall_lemuel, portal_ice_cave_entry_imps,
          nooodl_orcs_dogs
D:15:     grunt_enter_depths_magical_seal, layout_small_grid, dk_noncrumbling_3
Temple:   compressed_dpeg_triangle_lava_temple
Lair:1:   layout_loops_ring, lemuel_fruit_fields
Lair:2:   layout_loops_ring, spider_nest_entry_a
Lair:3:   layout_chaotic_city, nicolae_swamp_entry_splash_gauntlet,
          zaba_antful_of_joy
Lair:4:   layout_small_grid
Lair:5:   layout_small_grid, chequers_serial_rivers_marsh, hibernation_bobbens,
          minmay_lair_oklob_chamber
Lair:6:   hangedman_lair_tendril_chambers, layout_regular_city,
          minmay_slime_entry_pillars, hangedman_lair_unloving_vines, uniq_sonja
Swamp:1:  layout_falls_marsh, ebering_ghost_inner_flame, serial_swamp_ruin,
          evilmike_swamp_ruin_house_1, evilmike_swamp_ruin_house_3,
          evilmike_swamp_ruin_house_4
Orc:1:    layout_diamond_mine, enter_bailey_2
Orc:2:    st_orc_mages, layout_caves, uniq_nessos

Skill      XL: |  1  2  3  4  5  6  7  8  9 10 11 12 13 14 15 |
---------------+----------------------------------------------+-----
Invocations    | 1 2 3 4 5 6 7 8 9 10 11 | 11.1
Short Blades   | 1 2 3 4 5 6 7 8 9 10 | 10.2
Long Blades    | 1 2 3 4 5 6 7 8 9 10 | 10.2
Axes           | 1 2 3 4 5 6 7 8 9 10 | 10.2
Maces & Flails | 1 2 3 4 5 6 7 8 9 10 | 10.2
Polearms       | 1 2 3 4 5 6 7 8 9 10 | 10.2
Staves         | 1 2 3 4 5 6 7 8 9 10 | 10.2
Slings         | 1 2 3 4 5 6 7 8 9 10 | 10.2
Bows           | 1 2 3 4 5 6 7 8 9 10 | 10.2
Throwing       | 1 2 3 4 5 6 7 8 9 10 | 10.2
Armour         | 1 2 3 4 5 6 7 8 9 10 | 10.4
Stealth        | 1 2 3 4 5 6 7 8 9 10 | 10.2
Shields        | 1 2 3 4 5 6 7 8 9 10 | 10.2
Unarmed Combat | 1 2 3 4 5 6 7 8 9 10 | 10.2
Evocations     | 1 2 3 4 5 6 7 8 9 10 | 10.2
Spellcasting   | 3 4 5 6 7 8 9 10 | 10.6
Conjurations   | 1 2 3 4 5 6 7 8 |  8.6
Charms         | 1 2 3 4 5 6 7 8 |  8.6
Summonings     | 1 2 3 4 5 6 7 8 |  8.6
Necromancy     | 1 2 3 4 5 6 7 8 |  8.6
Translocations | 1 2 3 4 5 6 7 8 |  8.6
Transmutations | 1 2 3 4 5 6 7 8 |  8.6
Fire Magic     | 1 2 3 4 5 6 7 8 |  8.6
Ice Magic      | 1 2 3 4 5 6 7 8 |  8.6
Air Magic      | 1 2 3 4 5 6 7 8 |  8.6
Earth Magic    | 1 2 3 4 5 6 7 8 |  8.6
Poison Magic   | 1 2 3 4 5 6 7 8 |  8.6
Fighting       | 3 4 5 6 7 8 9 10 | 10.5
Crossbows      | 5 6 7 8 9 10 11 | 11.1
Dodging        | 5 6 7 8 9 10 11 | 11.1
Hexes          | 6 7 8 9 10 | 10.2

Action                   |  1- 3 |  4- 6 |  7- 9 | 10-12 | 13-15 || total
-------------------------+-------+-------+-------+-------+-------++-------
Melee: Unarmed           |   166 |    71 |     4 |     9 |       ||   250
       Bite              |    27 |    21 |    37 |    65 |   275 ||   425
       Club              |     3 |       |       |       |       ||     3
       Punch             |     1 |       |     6 |    18 |    19 ||    44
       Mace              |       |   129 |       |       |       ||   129
       Halberd           |       |     5 |       |       |       ||     5
       Falchion          |       |       |   207 |   390 |  1605 ||  2202
       Scimitar          |       |       |       |       |     8 ||     8
       Executioner's axe |       |       |       |       |    11 ||    11
 Fire: Hand crossbow     |     8 |    39 |    77 |   152 |   141 ||   417
Throw: Dart              |    13 |    25 |       |       |       ||    38
       Throwing net      |       |     1 |       |       |       ||     1
       Boomerang         |       |     7 |     9 |       |    80 ||    96
 Cast: Portal Projectile |       |    10 |     8 |    16 |    14 ||    48
       Corona            |       |     2 |    11 |     8 |     7 ||    28
       Slow              |       |       |     8 |    25 |     6 ||    39
       Summon Lightning  |       |       |       |    16 |    69 ||    85
       Summon Mana Viper |       |       |       |       |    46 ||    46
       Summon Forest     |       |       |       |       |    26 ||    26
Invok: Heroism           |       |       |       |     4 |     2 ||     6
Evoke: Wand              |       |       |     8 |    13 |    25 ||    46
       Box of beasts     |       |       |       |     1 |       ||     1
  Use: Scroll            |       |    10 |    12 |     8 |    12 ||    42
       Potion            |       |     1 |     1 |     7 |       ||     9
 Stab: Sleeping          |     2 |     4 |     5 |     8 |    25 ||    44
       Distracted        |       |     1 |       |       |    31 ||    32
       Petrified         |       |       |       |       |     3 ||     3
  Eat: Chunk             |     2 |     9 |    10 |    14 |    41 ||    76
       Ration            |       |       |     1 |     3 |    10 ||    14
Armor: Robe              |    27 |    36 |    28 |    14 |       ||   105
       Skin              |       |     5 |     1 |       |       ||     6
       Troll leather arm |       |       |       |    16 |   184 ||   200
       Gold dragon scale |       |       |       |       |     9 ||     9
Dodge: Dodged            |   164 |   248 |   177 |   366 |  1027 ||  1982
Block: Buckler           |       |       |       |       |   334 ||   334
       Rpst.: Falchion   |       |       |    46 |    58 |   259 ||   363
       Scimitar          |       |       |       |       |     4 ||     4
